 Dungeon Crawl Stone Soup version 0.27.1-33-g824d729ab1 (webtiles) character file.

Game seed: 17373782173750617303

4 Cykl0x the Ruffian (level 1, 0/12 HPs)
             Began as a Gargoyle Transmuter on Dec 12, 2021.
             Slain by a quokka (2 damage)
             ... on level 1 of the Dungeon.
             The game lasted 00:00:22 (112 turns).

Cykl0x the Ruffian (Gargoyle Transmuter)             Turns: 112, Time: 00:00:22

Health: 0/12       AC:  4    Str: 13    XL:     1   Next: 70%
Magic:  3/3        EV: 12    Int: 13    God:
Gold:   15         SH:  0    Dex: 10    Spells: 3/4 levels left

rFire    . . .     SeeInvis .     - Unarmed
rCold    . . .     Faith    .   (no shield)
rNeg     + . .     Spirit   .   a - +0 robe
rPois    ∞         Reflect  .   (helmet currently unavailable)
rElec    +         Harm     .   (no cloak)
rCorr    .         Rampage  .   (no gloves)
Will     .....                  (boots currently unavailable)
Stlth    +.........             (no amulet)
HPRegen  0.04/turn              (no ring)
MPRegen  0.08/turn              (no ring)

@: appendages (expiring)
A: horns 2, talons 2, sickness immunity, AC +2, negative energy resistance 1,
electricity resistance, torment resistance 1, petrification resistance
a: End Transformation


You were on level 1 of the Dungeon.
You had temporarily grown beastly horns and talons.
You visited 1 branch of the dungeon, and saw 1 of its levels.

You collected 15 gold pieces.

Inventory:

Missiles
 b - 14 stones
Armour
 a - a +0 robe (worn)


   Skills:
 * Level 1.3 Fighting
 * Level 0.4 Armour
 + Level 1.6 Dodging
 - Level 3.0 Unarmed Combat
 + Level 2.0 Spellcasting
 + Level 1.6 Transmutations


You had 3 spell levels left.
You knew the following spells:

 Your Spells              Type           Power      Damage    Failure   Level
a - Beastly Appendage     Tmut           10%        N/A       13%         1

Your spell library contained the following spells:

 Spells                   Type           Power      Damage    Failure   Level
 Wereblood                Tmut           5%         N/A       21%         2
 Spider Form              Tmut/Pois      1%         N/A       50%         3
 Ice Form                 Ice/Tmut       3%         N/A       88%         4


Dungeon Overview and Level Annotations

Branches:
Dungeon (1/15)

Altars:


Innate Abilities, Weirdness & Mutations

You have temporarily grown beastly horns and talons.
You are immune to sickness and miasma.
Your stone body is resilient. (AC +2)
You are immune to poison.
You resist negative energy. (rN+)
You are resistant to electric shocks. (rElec)
You are resistant to unholy torment.
You are immune to petrification.


Message History

You hit the endoplasm.
The endoplasm is lightly wounded.
The endoplasm freezes you.
You are frozen.
You hit the endoplasm. You claw the endoplasm.
You kill the endoplasm!
You closely miss the rat. Your headbutt misses the rat.
The rat barely misses you.
You barely miss the rat. Your kick misses the rat. The rat bites you.
You hit the rat.
You kill the rat!
Your transformation is almost over.
The quokka bites you but does no damage.
You closely miss the quokka. Your kick misses the quokka.
Your headbutt misses the quokka. The quokka closely misses you.
You hit the quokka.
The quokka is moderately wounded.
The quokka bites you.
* * * LOW HITPOINT WARNING * * *
You completely miss the quokka. Your kick misses the quokka.
Your headbutt misses the quokka.
The quokka is moderately wounded.
The quokka barely misses you.
You barely miss the quokka.
You headbutt the quokka, but do no damage.
The quokka is moderately wounded.
The quokka misses you.
You closely miss the quokka.
The quokka is moderately wounded.
The quokka barely misses you.
You barely miss the quokka.
The quokka is moderately wounded.
The quokka misses you. The quokka bites you.
* * * LOW HITPOINT WARNING * * *
Unknown command.
You hit the quokka but do no damage. Your kick misses the quokka.
Your headbutt misses the quokka.
The quokka is moderately wounded.
The quokka bites you.
You die...

#.# #.# #.#
#.# #.# #.#
#.# .... #.#
.....
#@#......
#r#......
#.#......
#####.#......
#.....?......
#............
#............
#.........###
#.........#


You could see a quokka.

Vanquished Creatures
  A bat (D:1)
  2 endoplasms (D:1)
  A rat (D:1)
4 creatures vanquished.

Notes
Turn   | Place    | Note
-------+----------+-------------------------------------------
     0 | D:1      | Cykl0x the Gargoyle Transmuter began the quest for the Orb.
     0 | D:1      | Reached XP level 1. HP: 12/12 MP: 3/3
   112 | D:1      | Slain by a quokka

Illustrated notes

Levels and vault maps discovered:
D:1:      lemuel_arrival_broad_hall, layout_rooms,
          dreamdust_ecumenical_altar_hidden_monk_grotto,
          ebering_dispersal_statue_hall

Action                   || total
-------------------------++-------
Melee: Unarmed           ||    15
       Kick              ||     3
       Headbutt          ||     1
 Cast: Beastly Appendage ||     4
Armor: Robe              ||     1
Dodge: Dodged            ||     9
